Map: Eastwatch LE

Players

Verus

  • Race: Terran Terran
  • League: Silver
  • Spawn Location: 7:00

Infamous - Winner!

  • Race: Protoss Protoss
  • League: Silver
  • Spawn Location: 1:00

VOD

Have the link to the VOD?

Description

Time

  • Played on: March 29, 2018, 11:34 a.m.
  • Length: 16:55
Show
View Real Time Build Order
Export as new Build Order

Verus Terran 

Build Orders:  

Get SALT Encoding   

  12  0:14  Supply Depot  
  12  0:18  SCV  
  13  0:30  SCV  
  14  0:45  Refinery  
  14  0:47  SCV  
  14  0:49  Barracks  
  15  1:00  SCV  
  16  1:12  SCV  
  16  2:07  Refinery  
  15  2:27  Factory  
  15  2:31  Engineering Bay  
  15  2:37  SCV  
  16  2:46  Supply Depot  
  16  2:50  SCV  
  17  3:19  Ghost Academy  
  17  3:24  Cyclone  
  20  3:49  Planetary Fortress  
  20  3:56  Cyclone  
  23  4:07  Barracks Tech Lab  
  23  4:10  Personal Cloaking  
  23  4:45  Ghost  
  25  5:24  Widow Mine  
  25  5:26  Marine  
  28  5:36  Nuke  
  28  5:44  Marine, Supply Depot  
  28  5:45  Widow Mine  
  24  6:02  Marine  
  21  6:08  Supply Depot  
  21  6:15  SCV  
  22  6:19  Marine  
  23  6:27  SCV  
  24  6:37  Marine  
  25  6:44  Factory Tech Lab  
  25  6:55  Marine  
  25  6:56  Command Center  
  26  7:13  Marine  
  27  7:46  Siege Tank  
  26  8:17  Hi-Sec Auto Tracking  
  26  8:18  Siege Tank  
  27  8:40  Bunker  
  27  9:11  Bunker  
  27  9:28  Cyclone  
  30  9:37  SCV  
  32  9:56  Command Center  
  31  10:00  Cyclone  
  30  10:32  Cyclone  
  28  11:03  Barracks  
  28  11:04  Combat Shields, Cyclone  
  28  11:07  Marine  
  32  11:15  SCV  
  33  11:24  Marine  
  33  11:25  Terran Infantry Weapons Level 1  
  34  11:27  SCV  
  35  11:36  Cyclone  
  39  11:42  Marine, Starport  
  38  12:00  Marine  
  39  12:05  SCV  
  40  12:17  Barracks Reactor, SCV  
  40  12:18  Marine  
  40  12:21  Medivac  
  44  12:29  SCV  
  45  12:36  Marine  
  46  12:41  SCV  
  47  12:51  Medivac  
  47  12:54  Marine, SCV  
  51  12:58  Marine  
  51  12:59  Marine  
  53  13:11  Marine  
  54  13:16  Marine x2  
  54  13:19  Terran Infantry Armor Level 1  
  56  13:29  Marine  
  57  13:34  Marine  
  58  13:48  Marauder  
  60  13:58  Marine x2  
  62  14:15  Supply Depot  
  62  14:30  Marine  
  62  14:32  Marine  
  62  14:34  Viking  
  62  14:35  Marauder  
  57  14:39  Supply Depot  
  53  14:48  Marine  
  53  14:50  Marine  
  55  14:53  Siege Tank  
  55  14:56  Marine  
  59  15:04  Viking  
  59  15:05  Marine  
  59  15:06  SCV  
  63  15:18  SCV  
  63  15:19  Command Center  
  60  15:30  SCV  
  47  15:42  SCV  
  33  15:54  SCV  
Show
View Real Time Build Order
Export as new Build Order

Infamous Protoss - Winner!

Build Orders:  

Get SALT Encoding   

  12  0:01  Probe  
  13  0:13  Probe  
  14  0:18  Pylon  
  14  0:27  Probe  
  15  0:37  Gateway  
  15  0:39  Probe  
  16  0:51  Probe  
  16  0:53  Assimilator  
  17  1:04  Probe  
  18  1:17  Probe  
  19  1:30  Zealot  
  21  1:33  Cybernetics Core  
  21  1:34  Pylon  
  21  1:37  Pylon  
  22  1:47  Probe  
  22  1:55  Assimilator  
  22  1:58  Forge  
  22  1:59  Probe (Chrono Boost)  
  24  2:08  Probe (Chrono Boost)  
  24  2:11  Warp Gate (Chrono Boost)  
  24  2:17  Probe (Chrono Boost)  
  25  2:26  Pylon  
  25  2:29  Probe (Chrono Boost)  
  26  2:38  Photon Cannon  
  26  2:40  Pylon  
  26  2:48  Probe  
  26  2:50  Zealot (Chrono Boost)  
  28  3:02  Gateway  
  28  3:18  Stalker (Chrono Boost)  
  30  3:28  Gateway  
  30  3:34  Probe  
  31  3:47  Stargate  
  31  3:55  Probe, Pylon  
  32  4:06  Pylon  
  32  4:08  Adept x2  
  32  4:21  Pylon  
  32  4:26  Protoss Ground Weapons Level 1 (Chrono Boost)  
  32  4:27  Probe  
  32  4:31  Oracle  
  32  4:39  Probe  
  32  4:40  Sentry  
  32  4:41  Stalker  
  32  4:42  Stalker  
  39  4:51  Probe  
  40  5:11  Probe  
  40  5:14  Nexus  
  41  5:19  Adept  
  41  5:20  Adept  
  45  5:29  Photon Cannon  
  35  6:00  Oracle  
  35  6:02  Stalker  
  35  6:03  Stalker x2  
  41  6:13  Gateway  
  41  6:15  Gateway  
  41  6:25  Gateway  
  41  6:28  Probe x2  
  43  6:36  Stalker  
  43  6:38  Sentry  
  47  6:46  Photon Cannon  
  47  6:50  Probe x2  
  49  7:00  Oracle  
  52  7:10  Stalker  
  52  7:11  Stalker  
  56  7:27  Robotics Facility  
  56  7:30  Photon Cannon  
  56  7:36  Pylon  
  38  8:20  Observer  
  38  8:29  Photon Cannon  
  38  8:36  Probe x2  
  40  8:42  Protoss Ground Armor Level 1  
  40  8:47  Shield Battery  
  40  8:48  Probe  
  40  8:49  Probe  
  41  9:00  Zealot x2  
  45  9:20  Assimilator  
  45  9:22  Assimilator  
  45  9:28  Zealot x4  
  53  9:39  Probe x2  
  55  9:51  Probe, Shield Battery  
  56  9:55  Zealot x3  
  56  9:57  Sentry  
  56  9:58  Sentry  
  66  10:11  Immortal  
  62  10:32  Stalker  
  62  10:33  Stalker x3  
  68  10:50  Probe x2  
  70  10:58  Immortal  
  70  11:02  Probe x2  
  76  11:14  Probe, Pylon  
  77  11:21  Pylon  
  77  11:28  Pylon  
  77  11:29  Protoss Shields Level 1 (Chrono Boost)  
  77  11:32  Oracle  
  80  11:34  Pylon  
  80  11:37  Twilight Council  
  80  11:56  Immortal  
  80  11:58  Probe  
  80  11:59  Probe  
  86  12:07  Nexus  
  86  12:12  Pylon  
  86  12:18  Sentry x2  
  86  12:19  Sentry  
  86  12:20  Stalker  
  94  12:23  Adept  
  96  12:50  Stalker x4  
  96  12:51  Stalker  
  106  12:53  Zealot  
  108  13:01  Observer  
  109  13:23  Immortal  
  113  13:40  Probe x3  
  116  13:46  Pylon  
  116  13:47  Protoss Ground Armor Level 2 (Chrono Boost)  
  116  13:50  Pylon  
  116  13:52  Probe, Photon Cannon, Charge  
  116  13:54  Photon Cannon  
  117  13:56  Photon Cannon  
  117  14:12  Stalker  
  117  14:13  Stalker x3  
  117  14:14  Stalker  
  116  14:47  Oracle  
  119  14:57  Robotics Bay  
  119  15:03  Gateway  
  119  15:06  Gateway, Assimilator  
  119  15:08  Gateway  
  108  15:45  Stalker x4  
  108  15:46  Stalker x2  
  114  16:11  Stalker  
  114  16:12  Stalker x4  
  114  16:13  Stalker  
  126  16:40  Stalker x4  
  126  16:41  Stalker x2  
Tags
 
Add a new tag
Caveats
  • Supply blocks, unpowered buildings, or Contaminate may cause inaccurate times.
  • Supply counts are checked every 10 seconds.